 Dungeon Sprint DCSS version 0.17-a0-2073-gde5cdba (webtiles) character file.

34833 Kidiri the Peltast (level 13, -34/124 HPs)
             Began as a Minotaur Fighter on Oct 14, 2015.
             Was a High Priest of Okawaru.
             Blown up by an ancient lich (89 damage)
             ... with an orb of destruction
             ... in the Dungeon (Sprint VII: "The Pits").
             The game lasted 00:20:24 (3724 turns).

Kidiri the Peltast (Minotaur Fighter)               Turns: 3724, Time: 00:20:24

Health: -34/124    AC: 24    Str: 25    XL:     13   Next: 44%
Magic:  18/20      EV: 17    Int: 20    God:    Okawaru [*****.]
Gold:   30         SH: 17    Dex:  6    Spells: 0 memorised, 12 levels left

rFire  . . .     SeeInvis .     s - +4 broad axe (elec)
rCold  + . .     Clarity  .     M - +3 ring mail "Jecub" {MR+ Int+9 Dex-5}
rNeg   . . .     SustAt   .     c - +0 shield
rPois  +         Gourm    .     t - +2 hat
rElec  +         Spirit   .     a - +0 cloak
rCorr  .         Warding  .     D - +0 pair of gloves of Vlad {rElec Int+6}
rMut   .         NoTele   +     y - +0 pair of boots
MR     +....                    (no amulet)
Stlth  +.........               x - ring of Jealousy {rElec rPois rC+}
                                u - +3 ring of protection

@: heroism, finesse, very slightly contaminated, slowed, drained, very slow,
somewhat resistant to hostile enchantments, very unstealthy
A: retaliatory headbutt, horns 2, screaming 1
a: Heroism, Finesse, Renounce Religion


You were in the Dungeon.
You worshipped Okawaru.
Okawaru was extremely pleased with you.
You were not hungry.

You visited 1 branch You collected 30 gold pieces.

Inventory:

Hand Weapons
 s - a +4 broad axe of electrocution (weapon)
 A - the +6 hand axe of the Poles {chop, rN+ Int+2}
   (Okawaru gifted it to you in the Dungeon)

   It inflicts extra damage upon your enemies.
   It affects your intelligence (+2).
   It protects you from negative energy.
Armour
 a - a +0 cloak (worn)
 c - a +0 shield (worn)
 t - a +2 hat (worn)
 y - a +0 pair of boots (worn)
 z - a +5 ring mail (quivered)
 D - the +0 pair of gloves of Vlad (worn) {rElec Int+6}
   (Okawaru gifted it to you in the Dungeon)

   It affects your intelligence (+6).
   It insulates you from electricity.
 M - the +3 ring mail "Jecub" (worn) {MR+ Int+9 Dex-5}
   (Okawaru gifted it to you in the Dungeon)

   It affects your intelligence (+9).
   It affects your dexterity (-5).
   It affects your resistance to hostile enchantments.
Jewellery
 u - a +3 ring of protection (left hand)
 v - a +3 ring of dexterity
 x - the ring of Jealousy (right hand) {rElec rPois rC+}
   (You took it off a naga in the Dungeon)

   [ring of protection from cold]

   It protects you from cold.
   It insulates you from electricity.
   It protects you from poison.
 K - an uncursed ring of fire
 L - a +2 ring of intelligence
 O - an uncursed ring of fire
Wands
 l - a wand of flame (13)
 C - a wand of random effects (10)
Scrolls
 p - 5 scrolls of remove curse
 q - 6 scrolls of amnesia
 r - a scroll of summoning
 E - 4 scrolls of enchant armour
 F - a scroll of recharging
 G - 2 scrolls of enchant weapon
 H - a scroll of fear
 J - a scroll of identify
Potions
 b - 3 potions of flight
 d - 2 potions of might
 f - 10 potions of curing
 g - 9 potions of heal wounds
 h - 4 potions of haste
 i - 4 potions of magic
 j - 5 potions of berserk rage
 o - 2 potions of invisibility
 w - 3 potions of agility
 B - a potion of lignification {unknown}
 I - a potion of resistance
Comestibles
 e - 8 bread rations
 m - 40 fruits
 n - 9 meat rations


   Skills:
 + Level 14.2(18.8) Fighting
 * Level 18.7(23.3) Axes
 * Level 18.7(23.3) Armour
 * Level 17.3(21.9) Dodging
 * Level 18.8(23.4) Shields
 + Level 11.7(11.4) Invocations


You had 12 spell levels left.
You didn't know any spells.

Dungeon Overview and Level Annotations

Branches:
Dungeon (1/1)

Altars:
Ashenzari
Cheibriados
Dithmenos
Elyvilon
Fedhas
Gozag
Kikubaaqudgha
Makhleb
Nemelex Xobeh
Okawaru
Qazlal
Ru
Sif Muna
Trog
Vehumet
Xom
Yredelemnul
Zin
The Shining One
Beogh
Jiyva
Lugonu


Innate Abilities, Weirdness & Mutations

You reflexively headbutt those who attack you in melee.
You have a pair of horns on your head.
You occasionally shout uncontrollably at your foes.


Message History

The sphinx mumbles some strange words.
Something smites you!
* * * LOW HITPOINT WARNING * * *
The deep elf death mage is infused with unholy energy.
* * * LOW HITPOINT WARNING * * *
The deep elf death mage draws life force from you and is healed!
A lost soul flickers into view.
Unknown command.
Read which item? (? for menu, Esc to quit)
Blink to where?
Press: ? - help, Dir - move target cursor You are very lightly contaminated with residual magic.
As you read the scroll of blinking, it crumbles to dust.
The lich gestures wildly while chanting.
The ancient lich conjures an orb of pure magic.
The ancient lich casts a spell.
The terrible wounds on your body vanish.
The orb of destruction hits you!
Ouch! That really hurt!
You die...

#################+#
..................#
..................#
++##############@.#
#§.# #§.# #2.# #.§#
#.§# #X§# #Le# #X.#


You could see an ancient lich, a balrug, a deep elf death mage and a large
abomination.

Vanquished Creatures
  Gastronok (D)
  A sphinx (D)
  An emperor scorpion (D)
  A draconian caller (D)
  A deep elf demonologist (D)
  A deep elf annihilator (D)
  A black draconian (D)
  A purple draconian (D)
  A deep elf death mage (D)
  A minotaur (D)
  2 rakshasas (D)
  A catoblepas (D)
  An anaconda (D)
  A dancing weapon (D)
  2 deep elf knights (D)
  5 hell knights (D)
  An orc high priest (D)
  Nergalle (D)
  A vampire mage (D)
  A shadow wraith (D)
  A lindwurm (D)
  Pikel (D)
  A necromancer (D)
  An orc sorcerer (D)
  A black mamba (D)
  Maurice (D)
  A siren (D)
  2 naga magi (D)
  A molten gargoyle (D)
  3 gargoyles (D)
  2 fire drakes (D)
  An efreet (D)
  A hellwing (D)
  A yaktaur (D)
  A troll (D)
  2 guardian mummies (D)
  2 jumping spiders (D)
  Grinder (D)
  A snapping turtle (D)
  A bog body (D)
  A ynoxinul (D)
  2 boulder beetles (D)
  4 redbacks (D)
  A trapdoor spider (D)
  2 flying skulls (D)
  6 yaks (D)
  2 deep elf magi (D)
  3 tarantellas (D)
  A fire elemental (D)
  4 vampire mosquitoes (D)
  A water elemental (D)
  A wraith (D)
  An air elemental (D)
  Grum (D)
  2 chaos spawn (D)
  2 nagas (D)
  A vampire (D)
  2 wargs (D)
  A hell hound (D)
  A soldier ant (D)
  4 wolves (D)
  A necrophage (D)
  Duvessa (D)
  2 eyes of draining (D)
  2 orc warriors (D)
  4 slaves (D)
  An ogre (D)
  A phantom (D)
  A gnoll sergeant (D)
  3 brain worms (D)
  2 earth elementals (D)
  Dowan (D)
  5 wights (D)
  A crimson imp (D)
  An orc priest (D)
  An orc wizard (D)
  A worker ant (D)
  A gnoll shaman (D)
  An iron imp (D)
  9 gnolls (D)
  A giant gecko (D)
  6 orcs (D)
  A bat skeleton (D)
  2 bat zombies (D)
  A giant cockroach (D)
  A hobgoblin (D)
  A kobold (D)
  A quokka (D)
  A bat (D)
  A goblin (D)
  A jackal simulacrum (D)
151 creatures vanquished.

Vanquished Creatures (others)
  A snapping turtle (D)
  A gnoll (D)
2 creatures vanquished.

Grand Total: 153 creatures vanquished

Notes
Turn   | Place    | Note
--------------------------------------------------------------
     0 | D        | Kidiri the Minotaur Fighter began the quest for the Orb.
     0 | D        | Reached XP level 1. HP: 19/19 MP: 0/0
    53 | D        | Found a sacrificial altar of Ru.
    53 | D        | Found a basalt altar of Yredelemnul.
    53 | D        | Found a shadowy altar of Dithmenos.
    53 | D        | Found a deep blue altar of Sif Muna.
    53 | D        | Found a burning altar of Makhleb.
    53 | D        | Found a shimmering altar of Xom.
    53 | D        | Found an ancient bone altar of Kikubaaqudgha.
    53 | D        | Found a sparkling altar of Nemelex Xobeh.
    54 | D        | Found a glowing golden altar of the Shining One.
    54 | D        | Found a bloodstained altar of Trog.
    54 | D        | Found a shattered altar of Ashenzari.
    54 | D        | Found a white marble altar of Elyvilon.
    54 | D        | Found a snail-covered altar of Cheibriados.
    54 | D        | Found a blossoming altar of Fedhas.
    54 | D        | Found a radiant altar of Vehumet.
    54 | D        | Found a glowing silver altar of Zin.
    54 | D        | Found a corrupted altar of Lugonu.
    54 | D        | Found a viscous altar of Jiyva.
    54 | D        | Found a roughly hewn altar of Beogh.
    54 | D        | Found an iron altar of Okawaru.
    60 | D        | Found a stormy altar of Qazlal.
    61 | D        | Found an opulent altar of Gozag.
    63 | D        | Became a worshipper of Warmaster Okawaru
   120 | D        | Noticed a brain worm
   120 | D        | Noticed a brain worm
   122 | D        | Killed a brain worm
   122 | D        | Reached * piety under Okawaru
   122 | D        | Reached skill level 4 in Fighting
   122 | D        | Reached skill level 5 in Armour
   122 | D        | Reached skill level 5 in Shields
   122 | D        | Reached XP level 2. HP: 25/28 MP: 0/2
   122 | D        | Reached XP level 3. HP: 30/34 MP: 0/3
   122 | D        | Reached XP level 4. HP: 36/41 MP: 0/4
   124 | D        | Killed a brain worm
   124 | D        | Reached ** piety under Okawaru
   124 | D        | Reached skill level 5 in Fighting
   124 | D        | Reached skill level 5 in Axes
   124 | D        | Reached skill level 6 in Armour
   198 | D        | Reached XP level 5. HP: 48/48 MP: 3/6
   320 | D        | Noticed Grinder
   321 | D        | Noticed a brain worm
   321 | D        | Noticed an iron imp
   336 | D        | Killed an iron imp
   336 | D        | Reached skill level 5 in Dodging
   342 | D        | Killed a brain worm
   342 | D        | Reached skill level 7 in Armour
   355 | D        | Killed Grinder
   355 | D        | Reached *** piety under Okawaru
   355 | D        | Reached skill level 8 in Axes
   355 | D        | Reached XP level 6. HP: 36/58 MP: 6/8
   573 | D        | Noticed a hell hound
   583 | D        | Killed a hell hound
   583 | D        | Reached skill level 9 in Armour
   583 | D        | Reached XP level 7. HP: 52/66 MP: 7/9
   649 | D        | Noticed a warg
   649 | D        | Noticed Duvessa
   649 | D        | Noticed Dowan
   649 | D        | Noticed a worker ant
   652 | D        | Killed Dowan
   657 | D        | Killed a worker ant
   662 | D        | Killed a warg
   662 | D        | Reached skill level 5 in Invocations
   673 | D        | Killed Duvessa
   693 | D        | Noticed an orc wizard
   693 | D        | Noticed a hellwing
   693 | D        | Noticed an ogre
   697 | D        | Killed an orc wizard
   705 | D        | Killed a hellwing
   705 | D        | Reached skill level 10 in Armour
   705 | D        | Reached skill level 10 in Shields
   705 | D        | Reached XP level 8. HP: 72/74 MP: 8/11
   713 | D        | Killed an ogre
   713 | D        | Reached **** piety under Okawaru
   713 | D        | Reached skill level 10 in Axes
   862 | D        | Noticed Pikel
   862 | D        | Noticed a slave
   862 | D        | Noticed a slave
   862 | D        | Noticed a slave
   862 | D        | Noticed a slave
   862 | D        | Noticed a chaos spawn
   867 | D        | Killed a slave
   870 | D        | Killed a slave
   870 | D        | Killed a chaos spawn
   872 | D        | Killed a slave
   874 | D        | Noticed a vampire mosquito
   875 | D        | Killed Pikel
   875 | D        | Received a gift from Okawaru
   875 | D        | Reached skill level 11 in Armour
   876 | D        | Noticed a vampire mosquito
   877 | D        | Noticed a vampire mosquito
   877 | D        | Noticed a vampire mosquito
   881 | D        | Killed a vampire mosquito
   881 | D        | Reached skill level 10 in Dodging
   884 | D        | Killed a vampire mosquito
   884 | D        | Reached ***** piety under Okawaru
   884 | D        | Reached XP level 9. HP: 45/82 MP: 12/12
   884 | D        | Killed a vampire mosquito
   887 | D        | Killed a vampire mosquito
  1052 | D        | Noticed a redback
  1056 | D        | Killed a redback
  1087 | D        | Noticed an orc high priest
  1087 | D        | Noticed an orc warrior
  1087 | D        | Noticed a warg
  1087 | D        | Noticed a gargoyle
  1088 | D        | Noticed an orc priest
  1088 | D        | Noticed an orc warrior
  1088 | D        | Noticed an orc sorcerer
  1091 | D        | Killed an orc priest
  1093 | D        | Noticed a hellwing
  1093 | D        | Noticed an ice devil
  1093 | D        | Killed an orc warrior
  1099 | D        | Noticed a smoke demon
  1099 | D        | Killed an orc sorcerer
  1099 | D        | Reached skill level 12 in Axes
  1102 | D        | Killed an ice devil
  1102 | D        | Killed an orc warrior
  1104 | D        | Killed an orc high priest
  1104 | D        | Received a gift from Okawaru
  1107 | D        | Killed a warg
  1117 | D        | Killed a gargoyle
  1117 | D        | Reached XP level 10. HP: 91/93 MP: 8/14
  1122 | D        | Got a polished hand axe {god gift}
  1123 | D        | Identified the +6 hand axe of the Poles {chop, rN+ Int+2} (Okawaru gifted it to you in the Dungeon)
  1136 | D        | Noticed a vampire
  1136 | D        | Noticed a wolf
  1141 | D        | Noticed a wolf
  1145 | D        | Noticed a wolf
  1146 | D        | Killed a vampire
  1147 | D        | Killed a wolf
  1147 | D        | Reached skill level 13 in Shields
  1148 | D        | Noticed a wolf
  1149 | D        | Noticed Grum
  1152 | D        | Killed a wolf
  1152 | D        | Reached skill level 10 in Fighting
  1159 | D        | Killed Grum
  1164 | D        | Killed a wolf
  1167 | D        | Killed a wolf
  1181 | D        | Noticed a crimson imp
  1192 | D        | Killed a crimson imp
  1217 | D        | Noticed a phantom
  1217 | D        | Noticed a wight
  1217 | D        | Noticed a wight
  1217 | D        | Noticed a wight
  1217 | D        | Noticed a wight
  1217 | D        | Noticed a wight
  1220 | D        | Killed a wight
  1224 | D        | Killed a wight
  1225 | D        | Killed a wight
  1232 | D        | Killed a wight
  1238 | D        | Killed a wight
  1243 | D        | Killed a phantom
  1247 | D        | Noticed a gargoyle
  1248 | D        | Noticed a siren
  1252 | D        | Noticed a guardian mummy
  1254 | D        | Killed a gargoyle
  1261 | D        | Killed a guardian mummy
  1265 | D        | Noticed a ynoxinul
  1265 | D        | Noticed a tarantella
  1267 | D        | Noticed an air elemental
  1268 | D        | Noticed a yak
  1270 | D        | Noticed a yak
  1271 | D        | Noticed a yak
  1274 | D        | Killed a siren
  1277 | D        | Killed an air elemental
  1282 | D        | Killed a ynoxinul
  1287 | D        | Killed a tarantella
  1288 | D        | Noticed a yak
  1291 | D        | Killed a yak
  1296 | D        | Killed a yak
  1297 | D        | Noticed a boulder beetle
  1316 | D        | Noticed a yak
  1319 | D        | Noticed a yak
  1329 | D        | Killed a yak
  1329 | D        | Received a gift from Okawaru
  1329 | D        | Reached skill level 14 in Armour
  1337 | D        | Killed a yak
  1337 | D        | Killed a yak
  1345 | D        | Killed a yak
  1357 | D        | Killed a boulder beetle
  1359 | D        | Noticed an eye of draining
  1365 | D        | Got a pair of bloodstained gloves {god gift}
  1378 | D        | Identified the +0 pair of gloves of Vlad {rElec Int+6} (Okawaru gifted it to you in the Dungeon)
  1381 | D        | Killed a shadow wraith
  1381 | D        | Reached XP level 11. HP: 35/101 MP: 0/16
  1390 | D        | Killed an eye of draining
  1645 | D        | Noticed a necrophage
  1647 | D        | Noticed a minotaur
  1647 | D        | Noticed a gnoll shaman
  1648 | D        | Noticed a lindwurm
  1649 | D        | Noticed an earth elemental
  1649 | D        | Noticed a gargoyle
  1653 | D        | Killed a necrophage
  1654 | D        | Noticed an efreet
  1659 | D        | Killed a gargoyle
  1662 | D        | Killed a lindwurm
  1663 | D        | Noticed a fire drake
  1667 | D        | Killed a gnoll shaman
  1672 | D        | Killed an earth elemental
  1685 | D        | Killed an efreet
  1689 | D        | Killed a minotaur
  1690 | D        | Noticed a flying skull
  1690 | D        | Noticed a molten gargoyle
  1690 | D        | Noticed a wraith
  1695 | D        | Killed a fire drake
  1695 | D        | Reached skill level 15 in Armour
  1696 | D        | Noticed a guardian mummy
  1700 | D        | Killed a flying skull
  1700 | D        | Reached skill level 15 in Shields
  1706 | D        | Killed a wraith
  1711 | D        | Killed a guardian mummy
  1711 | D        | Reached skill level 15 in Axes
  1714 | D        | Killed a molten gargoyle
  1750 | D        | Noticed a trapdoor spider
  1756 | D        | Killed a trapdoor spider
  1768 | D        | Noticed a chaos spawn
  1780 | D        | Killed a chaos spawn
  1966 | D        | Killed a freed slave
  2084 | D        | Noticed a soldier ant
  2084 | D        | Noticed a tarantella
  2090 | D        | Killed a soldier ant
  2094 | D        | Killed a tarantella
  2104 | D        | Noticed a boulder beetle
  2104 | D        | Noticed a deep elf knight
  2104 | D        | Noticed a snapping turtle
  2120 | D        | Killed a deep elf knight
  2123 | D        | Killed a snapping turtle
  2142 | D        | Killed a boulder beetle
  2154 | D        | Noticed Gastronok
  2158 | D        | Noticed a yaktaur
  2172 | D        | Killed Gastronok
  2172 | D        | Received a gift from Okawaru
  2178 | D        | Killed a yaktaur
  2188 | D        | Got a bloodstained ring mail {god gift}
  2199 | D        | Identified the +3 ring mail "Jecub" {MR+ Int+9 Dex-5} (Okawaru gifted it to you in the Dungeon)
  2261 | D        | Noticed an earth elemental
  2263 | D        | Noticed a bog body
  2273 | D        | Killed an earth elemental
  2277 | D        | Killed a bog body
  2277 | D        | Reached skill level 16 in Armour
  2469 | D        | Noticed a troll
  2469 | D        | Noticed an emperor scorpion
  2469 | D        | Noticed a black mamba
  2475 | D        | Killed a troll
  2487 | D        | Killed a black mamba
  2512 | D        | Killed an emperor scorpion
  2512 | D        | Reached skill level 10 in Invocations
  2512 | D        | Reached XP level 12. HP: 61/113 MP: 12/18
  2698 | D        | Noticed a naga
  2698 | D        | Noticed a deep elf knight
  2698 | D        | Noticed a deep elf demonologist
  2698 | D        | Noticed a deep elf mage
  2698 | D        | Noticed a fire elemental
  2698 | D        | Noticed a rakshasa
  2698 | D        | Noticed an anaconda
  2703 | D        | Noticed a black draconian
  2705 | D        | Killed a deep elf demonologist
  2705 | D        | Reached skill level 15 in Dodging
  2707 | D        | Noticed a snapping turtle
  2708 | D        | Killed a rakshasa
  2709 | D        | Noticed a snapping turtle
  2710 | D        | Noticed a hell knight
  2737 | D        | Killed a black draconian
  2744 | D        | Killed a deep elf mage
  2745 | D        | Noticed a redback
  2747 | D        | Killed a redback
  2752 | D        | Killed a snapping turtle
  2753 | D        | Noticed a deep elf mage
  2753 | D        | Noticed Maurice
  2753 | D        | Noticed a water elemental
  2756 | D        | Noticed a naga
  2763 | D        | Noticed a hell knight
  2765 | D        | Killed Maurice
  2767 | D        | Noticed a deep elf annihilator
  2779 | D        | Killed a hell knight
  2789 | D        | Killed a hell knight
  2789 | D        | Reached skill level 17 in Armour
  2799 | D        | Killed a deep elf knight
  2803 | D        | Killed a deep elf annihilator
  2813 | D        | Killed an anaconda
  2816 | D        | Noticed a hell knight
  2817 | D        | Killed a deep elf mage
  2819 | D        | Killed a water elemental
  2823 | D        | Killed a naga
  2828 | D        | Noticed a jumping spider
  2830 | D        | Noticed a hell knight
  2831 | D        | Killed a fire elemental
  2833 | D        | Killed a jumping spider
  2833 | D        | Received a gift from Okawaru
  2842 | D        | Killed a hell knight
  2852 | D        | Killed a hell knight
  2857 | D        | Noticed a fire drake
  2859 | D        | Killed a naga
  2866 | D        | Killed a fire drake
  2874 | D        | Noticed a naga mage
  2880 | D        | Noticed a necromancer
  2882 | D        | Noticed a catoblepas
  2882 | D        | Killed a naga mage
  2889 | D        | Killed a catoblepas
  2892 | D        | Noticed a hell knight
  2894 | D        | Killed a necromancer
  2904 | D        | Killed a hell knight
  2904 | D        | Reached XP level 13. HP: 28/122 MP: 20/20
  2920 | D        | Noticed a flying skull
  2927 | D        | Killed a flying skull
  3038 | D        | Noticed a naga mage
  3041 | D        | Noticed a gnoll sergeant
  3051 | D        | Killed a gnoll sergeant
  3051 | D        | Reached skill level 18 in Shields
  3061 | D        | Killed a naga mage
  3061 | D        | Reached ****** piety under Okawaru
  3105 | D        | Noticed Nergalle
  3142 | D        | Killed Nergalle
  3172 | D        | Got the ring of Jealousy {rElec rPois rC+}
  3334 | D        | Noticed a rakshasa
  3334 | D        | Noticed a mace of holy wrath
  3334 | D        | Noticed an eye of draining
  3334 | D        | Noticed a purple draconian
  3334 | D        | Noticed a redback
  3334 | D        | Noticed a tarantella
  3334 | D        | Noticed a jumping spider
  3334 | D        | Noticed a redback
  3337 | D        | Killed a mace of holy wrath
  3337 | D        | Killed a jumping spider
  3338 | D        | Killed an eye of draining
  3345 | D        | Killed a redback
  3347 | D        | Killed a purple draconian
  3351 | D        | Killed a tarantella
  3351 | D        | Killed a redback
  3359 | D        | Killed a rakshasa
  3359 | D        | Received a gift from Okawaru
  3360 | D        | Got a warped battleaxe {god gift}
  3675 | D        | Noticed a red draconian caller
  3677 | D        | Noticed a shadow dragon
  3677 | D        | Noticed an ancient lich
  3678 | D        | Noticed a naga mage
  3678 | D        | Noticed a deep elf death mage
  3678 | D        | Noticed a vampire mage
  3678 | D        | Noticed a sphinx
  3678 | D        | Noticed a wizard
  3679 | D        | Noticed a cacodemon
  3679 | D        | Noticed a sphinx
  3680 | D        | Noticed a deep elf death mage
  3681 | D        | Noticed a cacodemon
  3682 | D        | Noticed a greater naga
  3687 | D        | Noticed a wizard
  3687 | D        | Killed a shadow dragon
  3690 | D        | Noticed a redback
  3690 | D        | Gained mutation: You occasionally shout uncontrollably at your foes. [a cacodemon]
  3692 | D        | Noticed a deep elf sorcerer
  3694 | D        | Killed a red draconian caller
  3696 | D        | Noticed a lich
  3699 | D        | Killed a cacodemon
  3700 | D        | Noticed a vampire mage
  3700 | D        | Killed a sphinx
  3701 | D        | Killed a ghostly red draconian caller
  3705 | D        | Noticed a naga mage
  3711 | D        | Killed a deep elf death mage
  3716 | D        | Noticed a balrug
  3716 | D        | Killed a vampire mage
  3722 | D        | Noticed a balrug
  3724 | D        | Blown up by an ancient lich

Vault maps used:
D:        pitsprint

Action                   |  1- 3 |  4- 6 |  7- 9 | 10-12 | 13-15 || total
-------------------------+-------+-------+-------+-------+-------++-------
Melee: War axe           |    10 |    38 |    91 |       |       ||   139
       Hand axe          |       |       |       |   435 |       ||   435
       Broad axe         |       |       |       |    41 |    78 ||   119
Invok: Heroism           |       |     3 |     4 |     5 |     2 ||    14
       Finesse           |       |       |     1 |     5 |     2 ||     8
  Use: Potion            |       |       |       |     3 |     4 ||     7
       Scroll            |       |       |       |       |     1 ||     1
 Stab: Petrifying        |       |       |       |     1 |       ||     1
  Eat: Chunk             |       |       |     1 |     2 |     3 ||     6
       Bread ration      |       |       |       |     1 |     1 ||     2
